 Dungeon Crawl Stone Soup version 0.30-a0-1116-gebefce21f7 (webtiles) character file.

Game seed: 483401790016694185

46 BillyBaka the Trooper (level 3, 0/33 HPs)
             Began as a Minotaur Fighter on Apr 21, 2023.
             Slain by Sigmund
             ... wielding a +2 scythe of protection
              (10 damage)
             ... on level 2 of the Dungeon.
             The game lasted 00:06:24 (988 turns).

BillyBaka the Trooper (Minotaur Fighter)             Turns: 988, Time: 00:06:24

Health: 0/33       AC:  3    Str: 20    XL:     3   Next: 44%
Magic:  2/2        EV: 11    Int:  5    God:
Gold:   33         SH:  0    Dex: 11    Spells: 2/2 levels left

rFire   . . .      SeeInvis .    a - +0 war axe
rCold   . . .      Faith    .    (no shield)
rNeg    . . .      Spirit   .    j - +0 leather armour
rPois   .          Reflect  .    (helmet restricted)
rElec   .          Rampage  .    (no cloak)
rCorr   .                        (no gloves)
Will    .....                    (no boots)
Stlth   +                        (no amulet)
HPRegen 0.25/turn                (no ring)
MPRegen 0.08/turn                (no ring)

@: no status effects
A: horns 2, retaliatory headbutt
a: no special abilities


You were on level 2 of the Dungeon.
You visited 1 branch of the dungeon, and saw 2 of its levels.

You collected 95 gold pieces.
You spent 62 gold pieces at shops.

Inventory:

Hand Weapons
 a - a +0 war axe (weapon)
 b - a +1 arbalest of flaming
Armour
 j - a +0 leather armour (worn)
Scrolls
 h - 2 scrolls of teleportation
 i - 2 scrolls of vulnerability
 l - a scroll of torment {unknown}
 m - a scroll of enchant armour {unknown}
Potions
 c - a potion of haste {unknown}
 d - a potion of might
 e - a potion of curing {unknown}
 f - a potion of mutation {unknown}
 g - a potion of berserk rage {unknown}
 k - a potion of degeneration {unknown}


   Skills:
 + Level 4.1 Fighting
 - Level 3.1 Axes
 * Level 1.5 Ranged Weapons
 + Level 3.7 Armour
 + Level 0.6 Dodging
 - Level 3.9 Shields


You had 2 spell levels left.
You didn't know any spells.
Your spell library was empty.

Dungeon Overview and Level Annotations

Branches:
Dungeon (2/15)

Altars:

Shops:
D:2 ??(

Annotations:
D:2 Sigmund


Innate Abilities, Weirdness & Mutations

You have a pair of horns on your head.
You reflexively headbutt those who attack you in melee.


Message History

Sigmund misses you.
You shoot a bolt.
The bolt hits Sigmund but does no damage.
Sigmund hits you from afar with a +2 scythe of protection!
You shoot a bolt. The bolt closely misses Sigmund.
Sigmund completely misses you. Sigmund closely misses you.
You shoot a bolt. The bolt hits Sigmund!
The bolt burns Sigmund.
Sigmund is heavily wounded.
Sigmund closely misses you.
You shoot a bolt. The bolt closely misses Sigmund.
Sigmund barely misses you.
You shoot a bolt. The bolt closely misses Sigmund.
Sigmund closely misses you.
You shoot a bolt. The bolt barely misses Sigmund.
Sigmund closely misses you.
Sigmund hits you from afar with a +2 scythe of protection.
You shoot a bolt. The bolt hits Sigmund.
The bolt burns Sigmund.
Sigmund is severely wounded.
Sigmund casts a spell at you.
You are confused.
You are too confused!
Non-targeted confused fire: b) +1 arbalest (flame)
Press: ? - help, Q - select action Dir - look around, f - activate Look: Sigmund, wielding a +2 scythe of protection and wearing a +0 robe (severely wounded)
You shoot a bolt.
Sigmund flickers, as though insubstantial.
Sigmund hits you from afar with a +2 scythe of protection.
Your +1 arbalest of flaming stops flaming.
a - a +0 war axe (weapon)
Sigmund hits you from afar with a +2 scythe of protection.
You bump into the rock wall.
Sigmund gestures at you while chanting. The puff of flame hits you.
You feel less confused. Sigmund gestures at you while chanting.
The magic dart hits you.
Sigmund casts a spell.
Sigmund flickers and vanishes!
Deactivating autopickup; reactivate with Ctrl-A.
You closely miss something. Something hits you.
* * * LOW HITPOINT WARNING * * *
You closely miss something. Something hits you!
You die...

.########.# #...........#
...†....#.##
##...######.#
.######.#..###########.##
#.# ># .#.∩............#
#.# .# #.################
#.# .######.# #### #.#
.....##.# #.. #.##
.###.##.## #{# #..# .#
#.#...#######@###### ##[#
.# #.#.#..............#
#.# .#
#.......##########.#
.######.# .# #.....###
.....>... .# #.###.#
.######.# .. #.# #.#
......... ##.#.# #.#
#######.. # #..# #.# ###
#.# #.# #


There were no monsters in sight!

Vanquished Creatures
  An adder (D:2)
  4 dart slugs
  3 endoplasms
  A giant cockroach (D:1)
  A hobgoblin (D:1)
  3 jackals (D:1)
  4 kobolds
  A quokka (D:1)
  4 ball pythons (D:1)
  2 bats
  3 frilled lizards (D:1)
  2 goblins (D:2)
29 creatures vanquished.

Notes
Turn   | Place    | Note
-------+----------+-------------------------------------------
     0 | D:1      | BillyBaka the Minotaur Fighter began the quest for the Orb.
     0 | D:1      | Reached XP level 1. HP: 19/19 MP: 0/0
   122 | D:1      | Reached XP level 2. HP: 27/27 MP: 1/1
   358 | D:1      | Reached skill level 4 in Fighting
   572 | D:1      | Reached skill level 1 in Ranged Weapons
   667 | D:2      | Found Ileuz Sash's Magic Scroll Shop.
   675 | D:2      | Bought a scroll of teleportation for 36 gold pieces
   740 | D:2      | Reached XP level 3. HP: 33/33 MP: 2/2
   833 | D:2      | Found Rurix's Weapon Shop.
   907 | D:2      | Found Doemmole's Magic Scroll Emporium.
   916 | D:2      | Bought a scroll of identify for 26 gold pieces
   972 | D:2      | Noticed Sigmund
   988 | D:2      | Slain by Sigmund

Illustrated notes

Levels and vault maps discovered:
D:1:      minmay_arrival_radiant_lines, layout_loops_ring, minmay_liquid_box,
          chequers_serial_rivers_room_a
D:2:      layout_loops_ring, serial_shops, shop, shop, shop, shop,
          nicolae_shop_tiny_waterfront, uniq_crazy_yiuf_cottage, uniq_sigmund

Skill      XL: |  1  2 |
---------------+-------+-----
Axes           | 3 |  3.1
Fighting       | 4 |  4.1
Ranged Weapons | 1 |  1.5
Armour         | |  3.7
Dodging        | |  0.6
Shields        | |  3.9

Action                     || total
---------------------------++-------
  Melee: War axe           ||    21
   Fire: Arbalest          ||    57
    Use: Scroll            ||     1
 Armour: Scale mail        ||    24
         Leather armour    ||     2
  Dodge: Dodged            ||    30
  Block: Buckler           ||    10

Table legend: (Time is in decaauts)
 A = Elapsed time spent in this place.
 B = Non-inter-level travel time spent in this place.
 C = Inter-level travel time spent in this place.
 D = Time resting spent in this place.
 E = Time spent auto-exploring this place.
 F = Levels seen in this place.
 G = Mean time per level.
                   A        B        C        D        E       F      G
               +--------+--------+--------+--------+--------+-----+--------+
         Total |   1049 |    999 |     50 |      0 |    769 |   2 |  524.5 |
       Dungeon |   1049 |    999 |     50 |      0 |    769 |   2 |  524.5 |
               +--------+--------+--------+--------+--------+-----+--------+

Top non-repeatable levels by time:
     D:1: 698 daAuts
     D:2: 351 daAuts
